 Dungeon Crawl Stone Soup version 0.30-a0-219-gf2db51d15e (webtiles) character file.

Game seed: 15653974715096592474

95 Decritt the Trooper (level 4, -1/50 HPs)
             Began as an Ogre Cinder Acolyte on Oct 7, 2022.
             Was a High Priest of Ignis.
             Slain by a jackal (3 damage)
             ... on level 3 of the Dungeon.
             The game lasted 00:03:07 (1892 turns).

Decritt the Trooper (Ogre Cinder Acolyte)           Turns: 1892, Time: 00:03:07

Health: -1/50      AC:  3    Str: 20    XL:     4   Next: 65%
Magic:  5/5        EV:  9    Int: 15    God:    Ignis [*****.]
Gold:   176        SH:  0    Dex:  4    Spells: 5/5 levels left

rFire   + . .      SeeInvis .    k - +0 club
rCold   . . .      Faith    .    (no shield)
rNeg    . . .      Spirit   .    b - +0 robe
rPois   .          Reflect  .    (helmet restricted)
rElec   .          Harm     .    (no cloak)
rCorr   .          Rampage  .    (gloves unavailable)
Will    +....                    (boots unavailable)
Stlth   +.........               (no amulet)
HPRegen 0.28/turn                n - ring of willpower
MPRegen 0.09/turn                (no ring)

@: no status effects
A: large, unfitting armour, tough skin 1
a: Renounce Religion, Fiery Armour, Foxfire Swarm, Rising Flame


You were on level 3 of the Dungeon.
You worshipped Ignis.
Ignis was extremely pleased with you.
You visited 1 branch of the dungeon, and saw 3 of its levels.

You collected 176 gold pieces.

Inventory:

Hand Weapons
 a - a -1 mace of flaming
 k - a +0 club (weapon)
Missiles
 e - 2 throwing nets (quivered)
Armour
 b - a +0 robe (worn)
Jewellery
 n - a ring of willpower (left hand)
Scrolls
 d - a scroll of vulnerability {unknown}
 g - a scroll of summoning {unknown}
 i - 2 scrolls of brand weapon {unknown}
 j - a scroll of poison {unknown}
 l - a scroll of identify {unknown}
Potions
 c - a potion of curing {unknown}
 f - a potion of heal wounds {unknown}
 h - a potion of resistance {unknown}
 m - a potion of invisibility {unknown}


   Skills:
 * Level 5.3 Fighting
 * Level 3.6 Maces & Flails
 + Level 1.2 Armour
 - Level 1.2 Spellcasting
 - Level 2.6 Fire Magic


You had 5 spell levels left.
You didn't know any spells.
Your spell library contained the following spells:

 Spells                   Type           Power      Damage    Failure   Level
 Scorch                   Fire           16%        2d5       12%         2


Dungeon Overview and Level Annotations

Branches:
Dungeon (3/15)

Altars:

Annotations:
D:3 Natasha


Innate Abilities, Weirdness & Mutations

You are too large for most types of armour.
You have tough skin. (AC +1)


Message History

The jackal bites you.
You hit the jackal.
The jackal is heavily wounded.
The jackal closely misses you. x2
The ball python bites you but does no damage.
The jackal bites you but does no damage.
You miss the jackal.
The jackal is heavily wounded.
The jackal bites you but does no damage.
The jackal bites you. The ball python bites you.
Natasha mumbles some strange words.
The jackal bites you but does no damage.
The jackal barely misses you. The ball python barely misses you.
You hit the jackal.
The jackal is severely wounded.
The jackal bites you but does no damage.
The jackal completely misses you. The ball python barely misses you.
The white imp gestures at you. The puff of frost hits you!
* * * LOW HITPOINT WARNING * * *
You hit the white imp but do no damage. The jackal barely misses you.
The jackal closely misses you. The ball python bites you.
* * * LOW HITPOINT WARNING * * *
The jackal bites you but does no damage.
The jackal barely misses you. The white imp hits you.
* * * LOW HITPOINT WARNING * * *
The white imp freezes you.
* * * LOW HITPOINT WARNING * * *
The ball python closely misses you. The jackal barely misses you.
The jackal closely misses you. Natasha claws you.
* * * LOW HITPOINT WARNING * * *
The white imp barely misses you.
The ball python bites you but does no damage.
The jackal bites you.
* * * LOW HITPOINT WARNING * * *
The jackal bites you but does no damage.
Natasha claws you!
* * * LOW HITPOINT WARNING * * *
The white imp barely misses you. The jackal bites you.
You die...

.. #.# ... ## ..# ..
.... . ..# .... ...##
.#..# ##...# ...## ....#
.....#####..## #...#
#.#......##..###...#####
#.#......##....h5h.5....
#.##.##......###@#.....
#.##.##....#.###hS......
..##...........###......
...............# ##....
................# ...
.................. ..
.....#####.######## .
.....# #..# ....... #.#


You could see Natasha, a white imp (summoned), a shadow imp (summoned), 2
jackals and a ball python.

Vanquished Creatures
  3 gnolls (D:2)
  2 dart slugs
  5 orcs (D:2)
  5 ball pythons
  3 endoplasms
  A giant cockroach (D:2)
  7 goblins
  3 hobgoblins
  9 jackals
  2 quokkas (D:2)
  2 bats (D:2)
  2 frilled lizards
  3 kobolds
  5 rats
52 creatures vanquished.

Notes
Turn   | Place    | Note
-------+----------+-------------------------------------------
     0 | D:1      | Decritt the Ogre Cinder Acolyte began the quest for the
                  | Orb.
     0 | D:1      | Reached XP level 1. HP: 24/24 MP: 2/2
   163 | D:1      | Reached XP level 2. HP: 24/32 MP: 3/3
   500 | D:1      | Found a faded altar of an unknown god.
   663 | D:1      | Reached XP level 3. HP: 34/40 MP: 4/4
  1218 | D:2      | Reached skill level 1 in Armour
  1340 | D:2      | Reached skill level 5 in Fighting
  1414 | D:2      | Reached XP level 4. HP: 47/50 MP: 5/5
  1462 | D:2      | HP: 2/50 [gnoll/+0 club (3)]
  1876 | D:3      | Noticed Natasha
  1892 | D:3      | HP: 2/50 [Natasha (8)]
  1892 | D:3      | Slain by a jackal

Illustrated notes

Levels and vault maps discovered:
D:1:      minmay_arrival_up_and_down, layout_basic,
          ebering_ecumenical_altar_webs, serial_forest,
          infiniplex_forest_clump_small, infiniplex_forest_lined_2,
          infiniplex_forest_clump_large, infiniplex_forest_lined_3,
          infiniplex_forest_lined_ring
D:2:      layout_basic
D:3:      layout_rooms, overflow_temple_1_default, minmay_misc_feat_cross,
          kennysheep_donut, due_unseen_surprise, uniq_crazy_yiuf_cottage,
          uniq_robin, uniq_natasha

Skill      XL: |  1  2  3 |
---------------+----------+-----
Maces & Flails | 3 |  3.6
Armour         | 1 |  1.2
Fighting       | 5 |  5.3
Spellcasting   | |  1.2
Fire Magic     | |  2.6

Action                   |  1- 3 |  4- 6 || total
-------------------------+-------+-------++-------
Melee: Mace              |   137 |    15 ||   152
       Punch             |     1 |     2 ||     3
       Club              |       |    27 ||    27
Armor: Robe              |    46 |    31 ||    77
Dodge: Dodged            |    60 |    37 ||    97

Table legend: (Time is in decaauts)
 A = Elapsed time spent in this place.
 B = Non-inter-level travel time spent in this place.
 C = Inter-level travel time spent in this place.
 D = Time resting spent in this place.
 E = Time spent auto-exploring this place.
 F = Levels seen in this place.
 G = Mean time per level.
                   A        B        C        D        E       F      G
               +--------+--------+--------+--------+--------+-----+--------+
         Total |   1930 |   1875 |     55 |    170 |   1319 |   3 |  643.3 |
       Dungeon |   1930 |   1875 |     55 |    170 |   1319 |   3 |  643.3 |
               +--------+--------+--------+--------+--------+-----+--------+

Top non-repeatable levels by time:
     D:1: 1019 daAuts
     D:2: 847 daAuts
     D:3: 62 daAuts
